 Dungeon Crawl Stone Soup version 0.26.0-10-g1f06aea511 (webtiles) character file.

Game seed: 15845243770498722201

682398 monkeyman the Conqueror (level 27, -4/218 HPs)
             Began as a Minotaur Berserker on Jan 24, 2021.
             Was a High Priest of Trog.
             Slain by a hellephant (6 damage)
             ... on level 4 of the Dungeon on Jan 25, 2021.
             The game lasted 03:48:31 (94430 turns).

monkeyman the Conqueror (Minotaur Berserker)       Turns: 94430, Time: 03:48:32

Health: -4/218     AC: 50    Str: 29      XL:     27
Magic:  22/22      EV: 28    Int:  7 (8)  God:    Trog [*****.]
Gold:   4845       SH:  0    Dex: 24      Spells: 26/26 levels left

rFire    + + +     SeeInvis +   a - +9 executioner's axe (spect)
rCold    + . .     Faith    .   (shield currently unavailable)
rNeg     + . .     Spirit   .   H - +8 gold dragon scales
rPois    +         Reflect  .   x - +2 hat "Fyufiok" {Rampage rF+ Int+4 SInv}
rElec    +         Harm     .   v - +1 cloak {rPois}
rCorr    .         Rampage  +   u - +2 pair of gloves {Str+3}
Will     +++..                  K - +1 pair of boots
Stlth    ..........             E - amulet of regeneration
HPRegen  0.86/turn              k - ring of willpower
MPRegen  0.18/turn              N - ring "Naciaz" {rElec rF++ rN+ Str+3 SInv}

@: mighty, berserk cooldown, slowed, very slow
A: retaliatory headbutt, horns 2, icy blue scales 1, agile 1, deterioration 1,
frail 2, screaming 1, shaggy fur 1
0: Orb of Zot
}: 3/15 runes: decaying, serpentine, silver
a: Renounce Religion, Berserk, Trog's Hand, Brothers in Arms


You were on level 4 of the Dungeon.
You worshipped Trog.
Trog was extremely pleased with you.
You visited 11 branches of the dungeon, and saw 52 of its levels.
You visited 1 bazaar.
You also visited: Trove and Ossuary.

You collected 7619 gold pieces.
You spent 2774 gold pieces at shops.

Inventory:

Hand Weapons
 a - a +9 spectral executioner's axe (weapon)
 Y - a +6 vampiric executioner's axe
Armour
 u - a +2 pair of gloves of strength (worn)
 v - a +1 cloak of poison resistance (worn)
 x - the +2 hat "Fyufiok" (worn) {Rampage rF+ Int+4 SInv}
   (You found it on level 4 of the Vaults)

   It affects your intelligence (+4).
   It protects you from fire.
   It lets you see invisible.
   It bestows one free step when moving towards enemies.
 H - +8 gold dragon scales (worn)
 K - a +1 pair of boots (worn)
Jewellery
 k - a ring of willpower (left hand)
 E - an amulet of regeneration (around neck)
 N - the ring "Naciaz" (right hand) {rElec rF++ rN+ Str+3 SInv}
   (You found it on level 3 of the Crypt)

   [ring of positive energy]

   It affects your strength (+3).
   It greatly protects you from fire.
   It insulates you from electricity.
   It protects you from negative energy.
   It lets you see invisible.
 U - the ring "Pucia" {rF++ rN+}
   (You found it on level 3 of the Crypt)

   [ring of positive energy]

   It greatly protects you from fire.
   It protects you from negative energy.
 V - an uncursed ring of resist corrosion
Wands
 b - a wand of acid (35)
 w - a wand of enslavement (7)
 B - a wand of digging (27)
 D - a wand of disintegration (63)
 F - a wand of paralysis (39)
 T - a wand of iceblast (44)
 W - a wand of polymorph (41)
Scrolls
 d - 8 scrolls of fog
 e - a scroll of silence
 f - a scroll of blinking
 g - 3 scrolls of immolation
 i - 5 scrolls of magic mapping
 n - 2 scrolls of identify
 p - 2 scrolls of enchant armour
 q - 29 scrolls of teleportation
 r - 15 scrolls of remove curse
 I - 9 scrolls of fear
 S - 3 scrolls of holy word
Potions
 j - 3 potions of ambrosia
 m - 3 potions of might
 o - 14 potions of curing
 t - 13 potions of lignification
 A - a potion of heal wounds
 G - 5 potions of flight
 P - 5 potions of mutation
 R - 2 potions of attraction
 X - 5 potions of cancellation
Miscellaneous
 c - a lightning rod (4/4)
 h - a phial of floods
 s - a tin of tremorstones (2/2)
 J - a condenser vane
 L - a box of beasts
 M - a phantom mirror


   Skills:
 O Level 27 Fighting
 O Level 27 Axes
 - Level 4.2(19.1) Maces & Flails
 O Level 27 Armour
 O Level 27 Dodging
 + Level 19.6 Evocations


You had 26 spell levels left.
You didn't know any spells.
Your spell library was empty.

Dungeon Overview and Level Annotations

Branches:
Dungeon (15/15)            Temple (1/1) D:7            Lair (6/6) D:10
  Swamp (4/4) Lair:3        Snake (4/4) Lair:2        Slime (0/5) Lair:5
    Orc (2/2) D:12            Elf (2/3) Orc:2        Vaults (5/5) D:13
  Crypt (3/3) Vaults:3       Tomb (0/3) Crypt:3      Depths (5/5) D:15
    Zot (5/5) Depths:5    Ossuary (visited)

Altars:
Ashenzari
Cheibriados
Dithmenos
Elyvilon
Fedhas
Gozag
Hepliaklqana
Kikubaaqudgha
Makhleb
Nemelex Xobeh
Okawaru
Qazlal
Ru
Sif Muna
Trog
Uskayaw
Vehumet
Wu Jian
Xom
Yredelemnul
Zin
The Shining One
Beogh
Jiyva

Shops:
D:9 }([   D:10 [   Orc:2 (:[*   Elf:1 (   Elf:2 :!*   Depths:1 =}=

Portals:
Hell: Depths:1 Depths:2 Depths:3 Depths:4 Depths:5
Abyss: Depths:4
Pandemonium: Depths:3
Ziggurat: Depths:3

Annotations:
Lair:2 3 runed translucent doors, Dumidips's ghost, journeyman OpMo
Snake:3 2 transporters, Zoimialu's ghost, adept OpWz
Elf:2 exclusion: orange crystal statue
Vaults:1 2 transporters, exclusion: orange crystal statue
Crypt:1 1 transporter, Jory


Innate Abilities, Weirdness & Mutations

You reflexively headbutt those who attack you in melee.
You have a pair of horns on your head.
You are partially covered in icy blue scales. (AC +2)
You are agile. (Dex +2)
Your body sometimes deteriorates upon taking damage.
You are very frail. (-20% HP)
You occasionally shout uncontrollably at your foes.
You are covered in fur. (AC +1)


Message History

The hellephant blinks!
You feel a strong urge to attack something.
You feel your anger nearly subside.
You are no longer berserk.
You are exhausted.
You feel yourself slow down. The hellephant breathes flames at you.
The blast of flame misses you.
Unknown command.
The hellephant completely misses you. x2
The hellephant gores you but does no damage.
You slice the hellephant!!
You draw out your weapon's spirit!
You headbutt the hellephant!
The hellephant is lightly wounded.
The hellephant tramples you!!
* * * LOW HITPOINT WARNING * * *
You hold your ground!
The hellephant completely misses you. x2
You slice the hellephant!! You headbutt the hellephant!
The hellephant is heavily wounded.
The hellephant tramples you.
You die...

#........##.#.##.[.......##....##
..###.##.##.#.##.###[######.#.##
..# #.##.##.#...............#)#
..# #.##.##.####..###########.#
### #.......# ##.# ##+##
####.#### #.# ##...## ###..####
#.### ##.....# # ##.......#
###.#.######.......
####....###.###.@(.....##........
'...............Y.......'.1.....)
####.....##.###.#....#§##.....>..
# ##.##.##.# #.#...##§###.......
#.##.##.# #.##.###.# ##.....#
#.......# #.##.###.# ##...##
####.#### #........# ##'## #.#
####.##### #.# #.# #####)#####
#.#


You could see a hellephant and a friendly +9 spectral executioner's axe
(summoned).

Vanquished Creatures
  10 ancient liches
  Khufu (Crypt:2)
  5 orbs of fire
  Mara (Crypt:2)
  Mennas (Vaults:4)
  A juggernaut (Depths:4)
  A royal mummy (Crypt:2)
  Margery (Vaults:4)
  8 Killer Klowns
  Saint Roka (Orc:2)
  A shard shrike (Zot:1)
  Bai Suzhen (Crypt:2)
  A curse toe (Zot:5)
  10 caustic shrikes (Depths:4)
  15 golden dragons
  the Enchantress (Depths:4)
  A bone dragon (Crypt:2)
  2 electric golems (Zot:5)
  A Brimstone Fiend (D:4)
  2 hellephants
  19 tentacled monstrosities
  A Hell Sentinel (Zot:1)
  Jorgrun (D:13)
  3 titans
  26 Orb Guardians
  Rupert (D:13)
  7 quicksilver dragons
  8 liches
  The ghost of Flubr the Executioner, an adept MiBe of Trog (Swamp:1)
  An Executioner (D:15)
  12 storm dragons
  7 sphinxes
  8 death cobs
  11 shadow dragons
  4 ancient champions
  11 tengu reavers
  7 nagarajas (Snake:4)
  2 draconian monks
  Donald (Snake:4)
  6 draconian knights
  17 frost giants
  A revenant (Crypt:3)
  7 fire giants
  8 draconian scorchers
  2 ghost moths (shapeshifter)
  12 vault wardens
  2 iron dragons (Depths:4)
  Aizul (Snake:2)
  5 deep elf sorcerers
  A curse skull (Crypt:3)
  A ghost moth (Zot:4)
  3 draconian shifters
  A deep elf elementalist (Vaults:5)
  3 spriggan defenders
  5 war gargoyles
  2 draconian stormcallers
  13 stone giants
  The ghost of Opsifuid the Severer, a journeyman BaBe of Trog (Elf:2)
  14 very ugly things
  14 ironheart preservers
  10 ghouls
  3 draconian annihilators
  9 green draconians
  8 black draconians
  4 deep elf annihilators
  9 vampire knights
  A reaper (Depths:5)
  6 deep elf demonologists
  The ghost of Xyoprad the Blocker, a journeyman FoFi of Ashenzari (D:13)
  11 white draconians
  6 red draconians
  Azrael (D:15)
  A bunyip (Swamp:4)
  6 yellow draconians
  10 purple draconians
  An entropy weaver (Vaults:3)
  5 spark wasps
  14 ettins
  4 eidola
  A green death (Depths:5)
  5 deep elf death magi
  6 eleionomae
  26 yaktaur captains
  11 jiangshi
  A shambling mangrove (Swamp:3)
  14 fire dragons
  4 great orbs of eyes
  Josephine (D:13)
  15 hydras
  A deep elf high priest (Depths:4)
  5 rakshasas
  9 ice dragons
  Fannar (D:10)
  16 naga warriors
  36 vault guards
  2 quicksilver dragon skeletons
  Harold (D:11)
  6 centaur warriors
  A hell beast (Depths:1)
  8 spriggan air magi
  A ghost crab (Swamp:3)
  A boulder beetle (Vaults:3)
  15 anacondas
  27 two-headed ogres
  8 ogre magi
  2 death knights
  7 deep troll shamans
  6 alligators
  23 dancing weapons
  7 spriggan berserkers
  8 deep troll earth magi
  5 tengu warriors
  8 vampire magi
  2 titan zombies
  17 naga sharpshooters
  9 shock serpents
  4 hell hogs (D:9)
  A soul eater (Depths:5)
  14 hell knights
  3 iron trolls
  27 spriggans
  18 deep elf knights
  18 skeletal warriors
  2 storm dragon zombies
  A titan skeleton (Depths:4)
  The ghost of Caczuus the Covert, a novice SpEE of Ashenzari (Lair:1)
  4 goliath frogs
  A salamander mystic (Depths:4)
  4 unseen horrors
  A sea snake (shapeshifter) (Vaults:5)
  7 shadow wraiths
  8 sea snakes (Snake:4)
  A storm dragon skeleton (Crypt:1)
  3 glowing orange brains
  10 wizards
  4 spriggan druids
  A golden dragon zombie (Depths:4)
  13 flayed ghosts
  A spark wasp zombie (Crypt:1)
  19 deep elf archers
  24 deep trolls
  20 phantasmal warriors
  7 naga ritualists
  8 swamp dragons
  A bog body (Swamp:1)
  14 ironbrand convokers
  An orange crystal statue (Elf:2)
  2 shadow dragon zombies
  Pikel (D:4)
  3 lindwurms (Swamp:4)
  An anaconda skeleton (Crypt:3)
  8 orc knights
  An iron dragon zombie (Crypt:3)
  12 mana vipers
  A faun (shapeshifter) (Depths:3)
  10 necromancers
  4 orc sorcerers
  4 wolf spiders
  10 salamanders
  59 deep elf magi
  41 ugly things
  A salamander (shapeshifter) (Depths:4)
  4 cyclopes
  3 manticores
  A mana viper (shapeshifter) (Depths:3)
  An elephant (Lair:6)
  A moth of wrath (shapeshifter) (Vaults:5)
  28 moths of wrath
  A cyclops (shapeshifter) (Depths:4)
  9 fire giant skeletons
  4 will-o-the-wisps
  2 sphinx skeletons
  A frost giant skeleton (Crypt:3)
  A stone giant skeleton (Vaults:4)
  A titan simulacrum (Crypt:1)
  A guardian serpent (shapeshifter) (Vaults:1)
  12 guardian serpents
  18 vault sentinels
  A water nymph (shapeshifter) (Depths:1)
  38 black mambas
  A rust devil (Depths:1)
  Psyche (D:8)
  23 naga magi
  11 cane toads
  34 yaktaurs
  7 gargoyles
  3 dire elephant skeletons
  An eye of devastation (Lair:1)
  2 centaur skeletons
  4 storm dragon simulacra (Crypt:1)
  A torpor snail (shapeshifter) (Vaults:5)
  7 rime drakes
  19 freezing wraiths
  A kobold demonologist (D:15)
  A yaktaur (shapeshifter) (Depths:1)
  7 komodo dragons
  A demonic crawler (Depths:5)
  11 trolls
  2 purple draconian skeletons
  A harpy zombie (Crypt:1)
  A red devil (Depths:1)
  9 tengu conjurers
  A golden dragon simulacrum (Crypt:1)
  A bloated husk (Swamp:2)
  A tyrant leech (shapeshifter) (Depths:5)
  A death yak skeleton (Crypt:1)
  A harpy skeleton (Crypt:2)
  A shadow dragon simulacrum (Crypt:1)
  A troll (shapeshifter) (Depths:3)
  A wolf spider simulacrum (Crypt:1)
  4 polar bears (Lair:6)
  23 hornets
  19 slime creatures
  6 tyrant leeches
  An ice dragon zombie (Crypt:3)
  A sphinx simulacrum (Vaults:4)
  8 blink frogs
  A raiju (shapeshifter) (Vaults:5)
  A dream sheep (Lair:6)
  2 fire giant simulacra (Crypt:1)
  A fire dragon zombie (Crypt:3)
  2 frost giant simulacra
  2 stone giant simulacra (Crypt:1)
  An ice dragon skeleton (Crypt:3)
  4 redbacks (Vaults:3)
  A shock serpent simulacrum (Crypt:1)
  2 water elementals
  8 shadows
  4 vampires (Crypt:3)
  An air elemental (Elf:1)
  8 fire dragon skeletons (Crypt:3)
  A spriggan (shapeshifter) (Depths:5)
  10 wyverns
  3 large abominations
  40 yaks
  5 fire elementals
  25 wraiths
  11 basilisks
  An emperor scorpion simulacrum (Crypt:1)
  A yaktaur simulacrum (Vaults:3)
  3 vampire mosquitoes (Depths:5)
  A basilisk (shapeshifter) (Elf:1)
  A chaos spawn (Depths:5)
  2 steam dragons (Swamp:4)
  Menkaure (D:5)
  A deep troll zombie (Crypt:2)
  5 acid dragons
  Edmund (D:6)
  2 wargs
  16 swamp worms
  13 water moccasins
  A soldier ant (D:11)
  63 nagas
  A swamp worm (shapeshifter) (Depths:5)
  A cane toad zombie (Crypt:1)
  4 hell hounds
  Duvessa (D:7)
  2 floating eyes (Depths:4)
  2 hydra simulacra (Zot:1)
  A monstrous demonspawn skeleton (Crypt:2)
  33 orc warriors
  3 ice beasts
  A sky beast (D:9)
  7 swamp drakes
  2 eyes of draining
  5 black bears
  An ettin simulacrum (Crypt:1)
  A fire dragon simulacrum (Crypt:1)
  An ice dragon simulacrum (Crypt:1)
  3 necrophages
  19 boggarts
  4 black mamba simulacra
  23 ogres
  3 phantoms
  A snapping turtle skeleton (Crypt:3)
  32 wolves
  10 centaurs
  A lemure (D:4)
  2 big kobolds
  4 elf zombies
  Blork the orc (Orc:2)
  2 glowing shapeshifter simulacra
  20 bullfrogs
  An earth elemental (Elf:1)
  Dowan (D:7)
  A merfolk simulacrum (Crypt:1)
  A salamander skeleton (Crypt:1)
  4 scorpions
  A wyvern skeleton (D:14)
  2 small abominations
  A water moccasin skeleton (D:11)
  2 human simulacra
  An elephant simulacrum (Lair:1)
  A snapping turtle simulacrum (Crypt:1)
  14 killer bees
  2 wights
  A spriggan skeleton (Crypt:1)
  3 howler monkeys (D:9)
  7 centaur zombies
  An elf simulacrum (Crypt:1)
  2 quasits
  8 hounds
  4 jellies
  25 orc wizards
  3 human zombies
  22 orc priests
  2 bullfrog skeletons
  Crazy Yiuf (D:4)
  Terence (D:2)
  A water moccasin simulacrum (Lair:1)
  2 gnoll shamans (D:6)
  3 iguanas
  12 worker ants
  13 hell rats
  A yak simulacrum (Lair:1)
  A big kobold zombie (Ossuary)
  A bullfrog simulacrum (Lair:1)
  A tengu skeleton (Crypt:3)
  A felid skeleton (Crypt:2)
  A hound zombie (D:11)
  2 hound skeletons
  5 mummies
  A howler monkey skeleton (D:6)
  2 worker ant zombies
  Robin (D:4)
  3 gnolls (D:6)
  A steam dragon zombie (Crypt:2)
  19 adders
  A river rat (D:6)
  5 shadow imps
  A white imp (D:8)
  An ufetubus (D:6)
  2 oozes
  An adder skeleton (D:4)
  2 adder zombies (Ossuary)
  A worm (D:4)
  3 dart slugs
  5 leopard geckos
  71 orcs
  5 ball pythons (D:3)
  5 giant cockroaches
  12 goblins
  8 hobgoblins
  8 jackals
  2 quokkas
  15 bats
  4 frilled lizards
  3 goblin zombies (Ossuary)
  11 hobgoblin zombies (Ossuary)
  A jackal skeleton (Crypt:2)
  A jackal zombie (Ossuary)
  20 kobolds
  10 kobold zombies (Ossuary)
  A leopard gecko skeleton (D:4)
  5 orc zombies (Ossuary)
  A quokka skeleton (D:9)
  A quokka zombie (Crypt:2)
  17 rats
  A rat zombie (Ossuary)
  2 crawling corpses (Vaults:5)
2330 creatures vanquished.

Vanquished Creatures (collateral kills)
  Vashnia (Snake:2)
  A tentacled monstrosity (Vaults:5)
  An Orb Guardian (Zot:5)
  A titan (Vaults:5)
  A sphinx (Vaults:5)
  2 deep elf sorcerers
  A frost giant (Vaults:5)
  Louise (Elf:2)
  An ironheart preserver (Vaults:5)
  A draconian stormcaller (Zot:3)
  A very ugly thing (Depths:4)
  A stone giant (Vaults:3)
  A deep elf death mage (Vaults:4)
  A fire dragon (Swamp:4)
  A great orb of eyes (Vaults:5)
  2 yaktaur captains (Vaults:5)
  A naga warrior (Snake:2)
  5 hydras
  An ice dragon (Depths:4)
  A vault guard (Vaults:4)
  An ogre mage (Vaults:5)
  A spriggan berserker (Depths:4)
  A dancing weapon (Elf:2)
  A naga sharpshooter (Snake:2)
  An orc high priest (Orc:2)
  A shock serpent (Snake:2)
  2 skeletal warriors (D:15)
  A glowing orange brain (shapeshifter) (Vaults:5)
  5 hell knights
  2 swamp dragons (Swamp:4)
  A bog body (Swamp:4)
  2 ironbrand convokers
  A necromancer (Depths:4)
  4 deep elf magi
  A phantasmal warrior (Vaults:5)
  A wolf spider (Vaults:5)
  A slime creature (Vaults:3)
  A salamander (Depths:4)
  A black mamba (Lair:6)
  A vault sentinel (Vaults:5)
  A naga mage (Snake:4)
  A rime drake (Lair:1)
  A bloated husk (Swamp:4)
  A troll (Orc:2)
  A hornet (Depths:4)
  2 spriggans
  8 yaks
  A steam dragon (Swamp:4)
  A naga (Snake:4)
  A warg (Orc:2)
  A swamp worm (Swamp:4)
  2 swamp drakes (Swamp:4)
  4 orc warriors (Orc:2)
  4 wolves (Lair:1)
  3 orc priests (Orc:2)
  3 orc wizards (Orc:2)
  A water moccasin simulacrum (Lair:1)
  4 orcs (Orc:2)
96 creatures vanquished.

Vanquished Creatures (others)
  A draconian annihilator (Zot:2)
  A deep elf annihilator (Vaults:5)
  A white draconian (Zot:1)
  A deep elf high priest (Depths:4)
  A deep troll shaman (Depths:4)
  A deep elf knight (Elf:2)
  An ironbrand convoker (Vaults:4)
  A black mamba (Snake:4)
  A bloated husk (Swamp:2)
  A spriggan (Swamp:2)
  A water elemental (Elf:1)
  A steam dragon (Swamp:4)
  2 swamp drakes (Swamp:4)
  A sky beast (shapeshifter) (Vaults:5)
  2 bushes (D:10)
  8 foxfires
  31 fungi
  76 plants
  33 withered plants (Crypt:3)
165 creatures vanquished.

Grand Total: 2591 creatures vanquished

Notes
Turn   | Place    | Note
-------+----------+-------------------------------------------
     0 | D:1      | monkeyman the Minotaur Berserker began the quest for the
                  | Orb.
     0 | D:1      | Reached XP level 1. HP: 19/19 MP: 0/0
    85 | D:1      | Reached skill level 1 in Maces & Flails
   205 | D:1      | Reached XP level 2. HP: 26/26 MP: 1/1
   688 | D:1      | Reached XP level 3. HP: 31/31 MP: 2/2
   883 | D:2      | Noticed Terence
   903 | D:2      | Killed Terence
   904 | D:2      | Reached XP level 4. HP: 8/39 MP: 3/3
  1181 | D:2      | Reached ** piety under Trog
  1237 | D:2      | Reached skill level 5 in Axes
  1385 | D:2      | Found a glowing golden altar of the Shining One.
  2499 | D:3      | Reached XP level 5. HP: 42/45 MP: 4/4
  2741 | D:3      | Reached *** piety under Trog
  3068 | D:3      | You fall into a shaft and drop 3 floors!
  3090 | D:6      | Noticed Edmund
  3111 | D:6      | Killed Edmund
  3112 | D:6      | Reached XP level 6. HP: 51/51 MP: 5/5
  3193 | D:5      | Entered Level 5 of the Dungeon
  3620 | D:4      | Found a runed translucent door.
  3621 | D:4      | Noticed Crazy Yiuf
  3627 | D:4      | Killed Crazy Yiuf
  3735 | D:4      | Reached XP level 7. HP: 57/57 MP: 6/6
  3737 | D:4      | Noticed Pikel
  3754 | D:4      | Killed Pikel
  3755 | D:4      | Reached skill level 10 in Axes
  3932 | D:4      | Reached XP level 8. HP: 48/64 MP: 7/7
  4074 | D:4      | Noticed Robin
  4085 | D:4      | Killed Robin
  4307 | D:4      | Found a bloodstained altar of Trog.
  4572 | D:4      | Reached **** piety under Trog
  4804 | D:4      | Found a snail-covered altar of Cheibriados.
  5736 | D:5      | Noticed Menkaure
  5741 | D:5      | Killed Menkaure
  6611 | D:6      | Reached XP level 9. HP: 59/70 MP: 8/8
  6753 | D:6      | Got a smouldering shortbow
  7299 | D:7      | Noticed Duvessa
  7302 | D:7      | Noticed Dowan
  7311 | D:7      | Killed Duvessa
  7321 | D:7      | Killed Dowan
  7522 | D:7      | Found a staircase to the Ecumenical Temple.
  7545 | D:7      | Reached skill level 1 in Evocations
  7547 | Temple   | Entered the Ecumenical Temple
  8734 | D:8      | Reached skill level 5 in Fighting
  8992 | D:8      | Found a sand-covered staircase.
  9000 | Ossuary  | Entered an ossuary
  9049 | Ossuary  | Reached ***** piety under Trog
  9320 | D:8      | Noticed Psyche
  9330 | D:8      | Killed Psyche
  9331 | D:8      | Reached skill level 5 in Armour
  9727 | D:8      | Received a gift from Trog
  9758 | D:8      | Reached XP level 10. HP: 84/84 MP: 9/9
 10260 | D:9      | Found Iqorchisi's Armour Shoppe.
 10348 | D:9      | Noticed a two-headed ogre
 10357 | D:9      | Killed a two-headed ogre
 10741 | D:9      | Found Hoqypt's Antique Weapon Shop.
 10748 | D:9      | Paralysed by a hornet for 3 turns
 11255 | D:9      | Found Oreakk's Gadget Boutique.
 11371 | D:9      | Reached skill level 5 in Evocations
 11500 | D:10     | Entered Level 10 of the Dungeon
 11551 | D:10     | Noticed Fannar
 11581 | D:10     | Killed Fannar
 12178 | D:10     | Found Cozemir's Antique Armour Boutique.
 12280 | D:10     | Reached XP level 11. HP: 78/95 MP: 10/10
 12437 | D:10     | Reached skill level 15 in Axes
 12489 | D:10     | Found a staircase to the Lair.
 12551 | D:10     | Killed an unseen horror
 13033 | Lair:1   | Entered Level 1 of the Lair of Beasts
 13160 | Lair:1   | Noticed a seven-headed hydra
 13162 | Lair:1   | Noticed a bunyip
 13162 | Lair:1   | a seven-headed hydra changed into a bunyip
 13163 | Lair:1   | Noticed an alligator
 13163 | Lair:1   | a bunyip changed into an alligator
 13165 | Lair:1   | an alligator changed into an eye of devastation
 13378 | Lair:1   | Found a runed translucent gate.
 13378 | Lair:1   | Found a runed translucent gate.
 13378 | Lair:1   | Found a runed translucent gate.
 13702 | Lair:1   | Noticed Caczuus's ghost (novice SpEE)
 13732 | Lair:1   | Noticed a seven-headed hydra
 13738 | Lair:1   | Killed a seven-headed hydra
 14397 | Lair:1   | Reached skill level 10 in Fighting
 15164 | Lair:1   | Noticed an ice dragon
 15180 | Lair:1   | Killed Caczuus's ghost
 15181 | Lair:1   | Reached XP level 12. HP: 106/106 MP: 11/11
 15187 | Lair:1   | Killed an ice dragon
 15188 | Lair:1   | Reached skill level 10 in Armour
 15265 | Lair:1   | Got the ring of the Devil's Advocate {Fire}
 15366 | Lair:1   | Identified the ring of the Devil's Advocate {Fire SInv}
                  | (You found it on level 1 of the Lair of Beasts)
 16168 | Lair:2   | Found a runed translucent gate.
 16170 | Lair:2   | Found a runed translucent gate.
 16171 | Lair:2   | Found a runed translucent gate.
 16171 | Lair:2   | Noticed a 13-headed hydra
 16171 | Lair:2   | Noticed a 12-headed hydra
 16172 | Lair:2   | Noticed Dumidips's ghost (journeyman OpMo)
 16312 | Lair:2   | Found a staircase to the Snake Pit.
 16476 | Lair:2   | Identified the cursed +0 shortbow "Iraeduic" {venom, Dex+7}
                  | (You found it on level 6 of the Dungeon)
 16668 | Lair:2   | Received a gift from Trog
 17420 | Lair:3   | Got a faintly glowing quarterstaff
 17748 | Lair:3   | Found a staircase to the Swamp.
 18903 | Lair:3   | Identified the +10 quarterstaff of Dithmenos's Fury {flame,
                  | Will+} (You found it on level 3 of the Lair of Beasts)
 20269 | Lair:4   | Reached XP level 13. HP: 116/116 MP: 4/12
 20739 | Lair:5   | Received a gift from Trog
 20745 | Lair:5   | Got a slimy battleaxe {god gift}
 20746 | Lair:5   | Identified the +10 battleaxe of Collusion {vorpal, rPois
                  | rF- Int+5} (Trog gifted it to you on level 5 of the Lair of
                  | Beasts)
 20880 | Lair:5   | Found a runed translucent door.
 20888 | Lair:5   | Found a viscous altar of Jiyva.
 21810 | Lair:5   | Found a staircase to the Slime Pits.
 22136 | Lair:6   | Entered Level 6 of the Lair of Beasts
 22400 | Lair:6   | Got a fine falchion
 22596 | Lair:6   | Received a gift from Trog
 22597 | Lair:6   | Got a faintly glowing broad axe {god gift}
 22602 | Lair:6   | Identified the +11 broad axe "Toufypp" {vorpal, Fragile
                  | rPois Will++ Int+2} (Trog gifted it to you on level 6 of
                  | the Lair of Beasts)
 22607 | Lair:6   | Identified the +3 falchion of Bugrit {drain, +Inv Will+
                  | Str+4 Int-4} (You found it on level 6 of the Lair of
                  | Beasts)
 22779 | Lair:6   | Got a scorched trident
 23320 | Lair:6   | Found a hide-covered altar of Uskayaw.
 23561 | Lair:6   | Identified The Intricacies of Theurgy
 24267 | D:11     | Noticed Harold
 24274 | D:11     | Killed Harold
 24361 | D:11     | Found a shimmering blue altar of Sif Muna.
 24633 | D:11     | Found a gateway to a bazaar.
 24680 | Bazaar   | Entered a bazaar
 24680 | Bazaar   | Found Vitrecen's Book Boutique.
 24680 | Bazaar   | Found Ruemn's Book Boutique.
 24682 | Bazaar   | Found Obij's Assorted Antiques.
 24691 | Bazaar   | Found Xuaf's Jewellery Shoppe.
 24886 | Bazaar   | Bought a manual of Axes for 1214 gold pieces
 24925 | D:11     | Identified the +12 trident of Uciosu {elec, Str+2 Int-2
                  | Dex+5} (You found it on level 6 of the Lair of Beasts)
 25219 | D:12     | Found a staircase to the Orcish Mines.
 25272 | D:12     | Reached XP level 14. HP: 126/126 MP: 13/13
 25731 | D:12     | Received a gift from Trog
 25732 | D:12     | Got a warped great mace {god gift}
 25739 | D:12     | Identified the +9 great mace of Yqataidgh {vorpal, Str-5
                  | Int+7 SInv} (Trog gifted it to you on level 12 of the
                  | Dungeon)
 26274 | D:13     | Noticed Jorgrun
 26288 | D:13     | Killed Jorgrun
 26675 | D:13     | Noticed Rupert
 26687 | D:13     | Killed Rupert
 27156 | D:13     | Noticed Josephine
 27163 | D:13     | Killed Josephine
 27688 | D:13     | Found a runed translucent door.
 27692 | D:13     | Found a shimmering altar of Xom.
 27692 | D:13     | Noticed Xyoprad's ghost (journeyman FoFi)
 27841 | D:13     | Killed Xyoprad's ghost
 27938 | D:13     | Found a gate to the Vaults.
 28577 | D:14     | Found a blossoming altar of Fedhas.
 28743 | D:14     | Reached skill level 10 in Evocations
 29502 | D:15     | Entered Level 15 of the Dungeon
 29541 | D:15     | Found a glowing silver altar of Zin.
 29742 | D:15     | Found a staircase to the Depths.
 30436 | D:15     | Found a portal to a secret trove of treasure.
 30471 | D:15     | Reached XP level 15. HP: 137/138 MP: 14/14
 30487 | D:15     | Noticed Azrael
 30503 | D:15     | Killed Azrael
 31563 | Orc:1    | Entered Level 1 of the Orcish Mines
 31702 | Orc:1    | You fall into a shaft and drop 1 floor!
 31702 | Orc:2    | Entered Level 2 of the Orcish Mines
 31950 | Orc:1    | Received a gift from Trog
 32665 | Orc:2    | Found a roughly hewn altar of Beogh.
 32731 | Orc:2    | Noticed Saint Roka
 32741 | Orc:2    | Noticed Blork the orc
 32751 | Orc:2    | Killed Saint Roka
 32763 | Orc:2    | Killed Blork the orc
 32953 | Orc:2    | Found a roughly hewn altar of Beogh.
 32956 | Orc:2    | Found Cayg's Book Shop.
 32978 | Orc:2    | Found Ezafeng's General Store.
 33186 | Orc:2    | Found a staircase to the Elven Halls.
 33324 | Orc:2    | Found Teruozor's Antique Armour Shop.
 33560 | Orc:2    | Found Yle Gan's Antique Weapon Shop.
 33764 | D:10     | Bought the +5 robe of Night {Dark Will+ SInv} for 1560 gold
                  | pieces
 33764 | D:10     | Found the +5 robe of Night {Dark Will+ SInv}
 33914 | D:15     | You paid a toll of the robe of Night to enter a treasure
                  | trove
 33915 | Trove    | Entered a treasure trove
 33976 | Trove    | Identified 2 scrolls of acquirement
 34012 | Trove    | Acquired a +2 pair of gloves of strength
 34028 | Trove    | Acquired a +1 cloak of poison resistance
 34242 | Elf:1    | Entered Level 1 of the Elven Halls
 34256 | Elf:1    | Reached skill level 15 in Fighting
 34833 | Elf:1    | Received a gift from Trog
 35258 | Elf:1    | Reached skill level 15 in Armour
 35798 | Elf:1    | Got a dazzling chain mail
 35801 | Elf:1    | Identified the +2 chain mail of Lehicwuk {rElec Will- rCorr
                  | Str+3} (You found it on level 1 of the Elven Halls)
 35990 | Elf:1    | Found Juolij's Weapon Boutique.
 36186 | Elf:2    | Found Tala Wulokk's Antique Armour Boutique.
 36186 | Elf:2    | Found Wootuuku's Assorted Antiques.
 36186 | Elf:2    | Found Ejoqocux's Book Boutique.
 36186 | Elf:2    | Found Xaenk's Distillery.
 36195 | Elf:2    | Reached XP level 16. HP: 97/146 MP: 11/15
 36787 | Elf:2    | Found a runed translucent gate.
 36788 | Elf:2    | Found a runed translucent gate.
 36789 | Elf:2    | Found a runed translucent gate.
 36811 | Elf:2    | Identified the +5 war axe of the Extremely Mad {vamp, SInv}
 37512 | Elf:2    | Found a runed translucent door.
 37513 | Elf:2    | Found a shimmering altar of Xom.
 37513 | Elf:2    | Noticed Opsifuid's ghost (journeyman BaBe)
 37523 | Elf:2    | Killed Opsifuid's ghost
 38855 | Elf:2    | Identified the +3 tower shield "Cughom" {Stlth+}
 38855 | Elf:2    | Noticed Louise
 38871 | Elf:2    | Killed Louise
 39477 | Snake:1  | Entered Level 1 of the Snake Pit
 40567 | Snake:1  | Reached skill level 5 in Dodging
 41293 | Snake:2  | Noticed Vashnia
 41317 | Snake:2  | Killed Vashnia
 41319 | Snake:2  | Received a gift from Trog
 41325 | Snake:2  | Reached XP level 17. HP: 58/161 MP: 13/16
 41910 | Snake:2  | Found a bloodstained altar of Trog.
 41912 | Snake:2  | Noticed Aizul
 41923 | Snake:2  | Killed Aizul
 43256 | Snake:2  | Got a smoking battleaxe {god gift}
 43679 | Snake:3  | Found a transporter.
 43681 | Snake:3  | Noticed Zoimialu's ghost (adept OpWz)
 43760 | Snake:3  | Found a transporter.
 44456 | Snake:3  | Identified the +2 battleaxe "Minotaur's Curse" {vorpal,
                  | +Fly Str+6} (Trog gifted it to you on level 2 of the Snake
                  | Pit)
 45617 | Snake:4  | Entered Level 4 of the Snake Pit
 46235 | Snake:4  | Reached skill level 10 in Dodging
 47200 | Snake:4  | Acquired a manual of Evocations
 47554 | Snake:4  | Noticed Donald
 47564 | Snake:4  | Killed Donald
 48113 | Snake:4  | Reached XP level 18. HP: 99/172 MP: 17/17
 49194 | Snake:4  | Got a serpentine rune of Zot
 49977 | Vaults:1 | Entered Level 1 of the Vaults
 51002 | Vaults:1 | Received a gift from Trog
 51034 | Vaults:1 | Got a crystal executioner's axe {god gift}
 51050 | Vaults:1 | Identified the +3 executioner's axe "Wenuqof" {flame,
                  | *Noise rElec rC++} (Trog gifted it to you on level 1 of the
                  | Vaults)
 51251 | Vaults:1 | Found a transporter.
 51268 | Vaults:1 | Found a transporter.
 53164 | Vaults:2 | Reached XP level 19. HP: 173/183 MP: 18/18
 53473 | Vaults:2 | Received a gift from Trog
 53718 | Vaults:2 | Noticed a golden dragon
 53728 | Vaults:2 | Killed a golden dragon
 54974 | Vaults:2 | Identified the cursed +0 shortbow "Jioriz" {venom, Will++}
                  | (You found it on level 2 of the Vaults)
 55912 | Vaults:3 | Reached skill level 15 in Dodging
 56492 | Vaults:3 | Received a gift from Trog
 57331 | Vaults:3 | Found a staircase to the Crypt.
 57433 | Vaults:4 | Noticed Margery
 57449 | Vaults:4 | Killed Margery
 57955 | Vaults:4 | Noticed Mennas
 57986 | Vaults:4 | Killed Mennas
 58482 | Vaults:4 | Noticed a Brimstone Fiend
 58499 | Vaults:4 | Reached XP level 20. HP: 133/187 MP: 19/19
 58520 | Vaults:4 | Received a gift from Trog
 60579 | Vaults:4 | Found a radiant altar of Vehumet.
 60592 | Vaults:4 | Identified the +2 hat "Fyufiok" {Rampage rF+ Int+4 SInv}
                  | (You found it on level 4 of the Vaults)
 61164 | Swamp:1  | Entered Level 1 of the Swamp
 61527 | Swamp:1  | Found a large runed translucent door.
 61530 | Swamp:1  | Found a large runed translucent door.
 61541 | Swamp:1  | Noticed Flubr's ghost (adept MiBe)
 62212 | Swamp:1  | Killed Flubr's ghost
 62217 | Swamp:1  | Identified Lofom's Grimoire of Infinity
 63105 | Swamp:2  | HP: 6/198 [eight-headed hydra[a spriggan druid] (16)]
 63727 | Swamp:2  | Got a slimy hand axe
 64230 | Swamp:2  | Identified the cursed +0 hand axe of the Ninety-Nine Quests
                  | {protect, rPois SInv} (You found it on level 2 of the
                  | Swamp)
 64608 | Swamp:3  | Reached ****** piety under Trog
 65360 | Swamp:4  | Entered Level 4 of the Swamp
 67067 | Swamp:4  | Got a decaying rune of Zot
 67438 | Depths:1 | Entered Level 1 of the Depths
 67486 | Depths:1 | Got a warped ring mail
 67664 | Depths:1 | Identified the +1 ring mail of Sinwawia {rPois Int+3 Dex+2}
                  | (You found it on level 1 of the Depths)
 67677 | Depths:1 | Found a gateway to Hell.
 67780 | Depths:1 | Reached XP level 21. HP: 206/206 MP: 20/20
 68171 | Depths:1 | Received a gift from Trog
 68619 | Depths:1 | Found Hauzauh's Jewellery Shoppe.
 68619 | Depths:1 | Found Xenay's Gadget Shop.
 68620 | Depths:1 | Found Xutamega's Jewellery Shoppe.
 70756 | Depths:3 | Found a one-way gate leading to the halls of Pandemonium.
 70759 | Depths:3 | Got a jewelled plate armour
 71352 | Depths:3 | Found a gateway to a ziggurat.
 71552 | Depths:3 | Received a gift from Trog
 72307 | Depths:3 | Identified the cursed +1 plate armour of the Mackerel
                  | {Slay+3 Stlth+} (You found it on level 3 of the Depths)
 72420 | Depths:4 | Reached XP level 22. HP: 144/217 MP: 21/21
 72824 | Depths:4 | Noticed the Enchantress
 73079 | Depths:4 | Killed the Enchantress
 73298 | Depths:4 | Received a gift from Trog
 74135 | Depths:4 | Noticed a caustic shrike
 74146 | Depths:4 | Killed a caustic shrike
 74683 | Depths:4 | Found a one-way gate to the infinite horrors of the Abyss.
 74862 | Depths:4 | Received a gift from Trog
 75005 | Depths:4 | Noticed a golden dragon
 75013 | Depths:4 | Killed a golden dragon
 75023 | Depths:4 | Noticed a caustic shrike
 75023 | Depths:4 | Noticed a caustic shrike
 75024 | Depths:4 | Noticed a caustic shrike
 75029 | Depths:4 | Killed a caustic shrike
 75031 | Depths:4 | Killed a caustic shrike
 75033 | Depths:4 | Killed a caustic shrike
 75061 | Depths:4 | Noticed a caustic shrike
 75068 | Depths:4 | Noticed a caustic shrike
 75070 | Depths:4 | Killed a caustic shrike
 75072 | Depths:4 | Noticed a caustic shrike
 75078 | Depths:4 | Killed a caustic shrike
 75079 | Depths:4 | Reached XP level 23. HP: 42/229 MP: 22/22
 75089 | Depths:4 | Killed a caustic shrike
 75485 | Depths:4 | Noticed a caustic shrike
 75502 | Depths:4 | Killed a caustic shrike
 75506 | Depths:4 | Noticed a caustic shrike
 75516 | Depths:4 | Killed a caustic shrike
 75855 | Depths:4 | Noticed a caustic shrike
 75865 | Depths:4 | Killed a caustic shrike
 75969 | Depths:4 | Noticed a juggernaut
 75981 | Depths:4 | Killed a juggernaut
 76317 | Depths:4 | Got a smoking brass ring
 76326 | Depths:4 | Identified the ring "Zier Xydd" {Wiz rPois rC- Dex+8} (You
                  | found it on level 4 of the Depths)
 76385 | Depths:5 | Entered Level 5 of the Depths
 76504 | Depths:5 | Found a gate to the Realm of Zot.
 76611 | Depths:5 | Received a gift from Trog
 77211 | Depths:5 | Found a runed translucent gate.
 77211 | Depths:5 | Found a runed translucent gate.
 77211 | Depths:5 | Found a runed translucent gate.
 77577 | Depths:5 | Received a gift from Trog
 77597 | Depths:5 | Acquired a manual of Shields
 77912 | Crypt:1  | Entered Level 1 of the Crypt
 78512 | Crypt:1  | Found a radiant altar of Vehumet.
 78516 | Crypt:1  | Found a transporter.
 78522 | Crypt:1  | Noticed an ancient lich
 78530 | Crypt:1  | Noticed Jory
 78742 | Crypt:1  | Reached XP level 24. HP: 199/242 MP: 22/22
 79266 | Crypt:2  | Received a gift from Trog
 79267 | Crypt:2  | Noticed Bai Suzhen
 79280 | Crypt:2  | Killed Bai Suzhen
 79381 | Crypt:2  | Noticed Khufu
 79390 | Crypt:2  | Noticed a royal mummy
 79398 | Crypt:2  | Killed Khufu
 79407 | Crypt:2  | Killed a royal mummy
 80084 | Crypt:2  | Got a brightly glowing hand crossbow
 80196 | Crypt:2  | Noticed an ancient lich
 80200 | Crypt:2  | Noticed Mara
 80213 | Crypt:2  | Killed an ancient lich
 80216 | Crypt:2  | Noticed monkeyman's illusion
 80225 | Crypt:2  | Noticed monkeyman's illusion
 80243 | Crypt:2  | Killed Mara
 80611 | Crypt:2  | Got a dazzling great sword
 80659 | Crypt:3  | Entered Level 3 of the Crypt
 81217 | Crypt:3  | Identified the ring "Pucia" {rF++ rN+} (You found it on
                  | level 3 of the Crypt)
 81224 | Crypt:3  | Got a pitted silver ring
 81227 | Crypt:3  | Got a transparent shortbow
 81472 | Crypt:3  | Received a gift from Trog
 82073 | Crypt:3  | Found an ancient bone altar of Kikubaaqudgha.
 82089 | Crypt:3  | Noticed an ancient lich
 82099 | Crypt:3  | Killed an ancient lich
 82189 | Crypt:3  | Identified the ring "Naciaz" {rElec rF++ rN+ Str+3 SInv}
                  | (You found it on level 3 of the Crypt)
 82296 | Crypt:3  | Found a staircase to the Tomb.
 82800 | Vaults:5 | Entered Level 5 of the Vaults
 82805 | Vaults:5 | Reached XP level 25. HP: 248/253 MP: 22/22
 82805 | Vaults:5 | Noticed an ancient lich
 82806 | Vaults:5 | Received a gift from Trog
 82824 | Vaults:5 | Killed an ancient lich
 83096 | Vaults:5 | Identified the amulet "Moazif" {Faith Dex+3}
 83452 | Vaults:5 | Received a gift from Trog
 83747 | Vaults:5 | Found the +8 storm bow {elec, penet}
 84133 | Vaults:5 | Paralysed by a sphinx for 5 turns
 84143 | Vaults:5 | Reached skill level 27 in Fighting
 84234 | Vaults:5 | Got a silver rune of Zot
 84281 | Vaults:5 | Acquired a +0 vampiric executioner's axe
 84324 | Vaults:5 | Identified the Volume of Torrid Transmutation
 84353 | Vaults:5 | Received a gift from Trog
 84620 | Vaults:5 | Found the +6 lightning scales {run, rElec}
 84643 | Vaults:5 | Got a crude golden ring
 84645 | Vaults:5 | Got an ancient scale mail
 84695 | Vaults:5 | Identified the ring of Fousuon {Fire +Inv rN+ Str+4 Int-4}
                  | (You found it on level 5 of the Vaults)
 84697 | Vaults:5 | Identified the cursed +1 scale mail "Poaklamp" {rC+} (You
                  | found it on level 5 of the Vaults)
 84747 | Vaults:5 | Reached skill level 27 in Armour
 85031 | Vaults:5 | Reached XP level 26. HP: 230/266 MP: 22/22
 85303 | Vaults:5 | Got polished gold dragon scales
 85304 | Vaults:5 | Identified the +3 gold dragon scales of Liberty {+Fly rPois
                  | rF+ rC+ rCorr Str+2 Int-2} (You found it on level 5 of the
                  | Vaults)
 85656 | Zot:1    | Entered Level 1 of the Realm of Zot
 87114 | Zot:2    | Received a gift from Trog
 87797 | Zot:2    | You fall into a shaft and drop 1 floor!
 88311 | Zot:2    | Identified the +1 ring mail of the Unbroken {MP-9 Dex+6
                  | Stlth+} (You found it on level 2 of the Realm of Zot)
 88560 | Zot:3    | Noticed an orb of fire
 88579 | Zot:3    | Gained mutation: You are clumsy. (Dex -2) [an orb of fire]
 88581 | Zot:3    | Killed an orb of fire
 88709 | Zot:3    | Reached XP level 27. HP: 72/273 MP: 22/22
 89717 | Zot:3    | Received a gift from Trog
 90191 | Zot:4    | Reached skill level 27 in Axes
 90469 | Zot:4    | Noticed an orb of fire
 90470 | Zot:4    | Gained mutation: Your spells are a little easier to cast,
                  | but a little less powerful. [an orb of fire]
 90474 | Zot:4    | Gained mutation: You are frail. (-10% HP) [an orb of fire]
 90480 | Zot:4    | Killed an orb of fire
 90549 | Zot:4    | Found an opulent altar of Gozag.
 90940 | Zot:5    | Entered Level 5 of the Realm of Zot
 91084 | Zot:5    | Reached skill level 15 in Evocations
 91941 | Zot:5    | Noticed an ancient lich
 91944 | Zot:5    | Noticed an orb of fire
 91946 | Zot:5    | Noticed an orb of fire
 91956 | Zot:5    | Gained mutation: Your muscles are strong. (Str +2) [an orb
                  | of fire]
 91957 | Zot:5    | Killed an orb of fire
 91958 | Zot:5    | Noticed an ancient lich
 91966 | Zot:5    | Paralysed by an ancient lich for 3 turns
 91973 | Zot:5    | Gained mutation: You occasionally shout uncontrollably at
                  | your foes. [an orb of fire]
 92280 | Zot:4    | Lost mutation: You occasionally shout uncontrollably at
                  | your foes. [potion of mutation]
 92280 | Zot:4    | Lost mutation: Your spells are a little easier to cast, but
                  | a little less powerful. [potion of mutation]
 92280 | Zot:4    | Gained mutation: Scrolls take you a little longer to read.
                  | [potion of mutation]
 92280 | Zot:4    | Gained mutation: You have a pair of large horns on your
                  | head. [potion of mutation]
 92281 | Zot:4    | Lost mutation: You are clumsy. (Dex -2) [potion of
                  | mutation]
 92281 | Zot:4    | Lost mutation: Your muscles are strong. (Str +2) [potion of
                  | mutation]
 92281 | Zot:4    | Gained mutation: You are somewhat resistant to further
                  | mutation. [potion of mutation]
 92282 | Zot:4    | Lost mutation: You are frail. (-10% HP) [potion of
                  | mutation]
 92282 | Zot:4    | Lost mutation: You have a pair of large horns on your head.
                  | [potion of mutation]
 92282 | Zot:4    | Lost mutation: You are somewhat resistant to further
                  | mutation. [potion of mutation]
 92282 | Zot:4    | Lost mutation: Scrolls take you a little longer to read.
                  | [potion of mutation]
 92282 | Zot:4    | Gained mutation: You are partially covered in icy blue
                  | scales. (AC +2) [potion of mutation]
 92282 | Zot:4    | Gained mutation: You are agile. (Dex +2) [potion of
                  | mutation]
 92282 | Zot:4    | Gained mutation: You are very agile. (Dex +4) [potion of
                  | mutation]
 92317 | Zot:5    | Gained mutation: You are covered in fur. (AC +1) [an orb of
                  | fire]
 92321 | Zot:5    | Killed an orb of fire
 92325 | Zot:5    | Killed an ancient lich
 92327 | Zot:5    | Killed an ancient lich
 92328 | Zot:5    | Reached skill level 27 in Dodging
 92388 | Zot:5    | Noticed an ancient lich
 92390 | Zot:5    | Noticed an orb of fire
 92413 | Zot:5    | Killed an ancient lich
 92418 | Zot:5    | Lost mutation: You are very agile. (Dex +4) [an orb of
                  | fire]
 92421 | Zot:5    | Killed an orb of fire
 92883 | Zot:5    | Noticed an ancient lich
 92886 | Zot:5    | Noticed an ancient lich
 92890 | Zot:5    | Killed an ancient lich
 92960 | Zot:5    | Killed an ancient lich
 93098 | Zot:5    | Noticed an ancient lich
 93113 | Zot:5    | Killed an ancient lich
 93281 | Zot:5    | Gained mutation: You are frail. (-10% HP) [mutagenic glow]
 93291 | Zot:5    | Gained mutation: Your body sometimes deteriorates upon
                  | taking damage. [mutagenic glow]
 93307 | Zot:5    | Gained mutation: You are very frail. (-20% HP) [mutagenic
                  | glow]
 93322 | Zot:5    | Gained mutation: You occasionally shout uncontrollably at
                  | your foes. [mutagenic glow]
 93554 | Zot:5    | Noticed an ancient lich
 93559 | Zot:5    | Killed an ancient lich
 93559 | Zot:5    | Received a gift from Trog
 93760 | Zot:5    | Got the Orb of Zot
 94429 | D:4      | HP: 1/218 [hellephant (18)]
 94430 | D:4      | Slain by a hellephant

Illustrated notes

Levels and vault maps discovered:
D:1:      dpeg_arrival_castle, layout_rooms, minmay_misc_feat_rows
D:2:      layout_loops_ring, nicolae_tso_carved_into_rock, uniq_terence
D:3:      layout_loops_ring, minmay_shallow_snake_nest
D:4:      layout_loops_corners, kennysheep_slug_shrine, chequers_jeans,
          trog_book, uniq_crazy_yiuf_cottage, uniq_pikel, uniq_robin
D:5:      layout_cave_pods, uniq_menkaure
D:6:      hangedman_cross_stitches, layout_cave_pods, portal_sewer_entry_c,
          uniq_edmund
D:7:      layout_loops_ring, minmay_temple_entry_large_hall, uniq_duvessa
D:8:      layout_cave_pods, gup_ossuary_entry_pyramid, st_stairs_12, uniq_psyche
D:9:      layout_irregular_city, serial_shops, nicolae_shop_behind_doors,
          shop_fountains, shop, minmay_misc_feat_five
D:10:     layout_small_grid, minmay_lair_entry_grove, serial_shops,
          nicolae_shop_overgrown_old_shop, uniq_fannar
D:11:     layout_loops_corners, serial_shops, bzr_entry_safe,
          minmay_misc_feat_doors, led_sif_book, uniq_harold
D:12:     layout_stronghold, orc_0_dummy, minmay_holes
D:13:     layout_stronghold, david_vaults_1, ebering_ghost_xom, uniq_josephine,
          uniq_rupert, uniq_jorgrun
D:14:     layout_basic, fedhas_altar_3
D:15:     grunt_enter_depths_snipers, layout_grid_maze, enter_trove_2,
          chequers_serial_rivers_small_a, basic_altar, uniq_azrael
Temple:   compressed_dpeg_triangle_lava_temple
Lair:1:   layout_cave_shapes, gammafunk_ghost_icy, grunt_megastairs_1
Lair:2:   layout_chaotic_city, guppyfry_snake_entry_garden,
          gammafunk_ghost_hydra_chop, beast_lair_carwin_9
Lair:3:   layout_roguey, minmay_swamp_entry_worms, infiniplex_staircase_pool
Lair:4:   layout_concentric_octagons, kennysheep_basilisk_garden
Lair:5:   layout_roguey, slime_altar_2, special_room
          [special_room_mythical_zoo], serial_rivers,
          chequers_serial_rivers_micro_e, chequers_serial_rivers_micro_b,
          chequers_serial_rivers_micro_d, chequers_serial_rivers_marsh,
          serial_bayou_shore_b
Lair:6:   minmay_lair_end_enchanted_forest, layout_long_grid,
          amcnicky_altar_gilded, grunt_megastairs_5, serial_bayou_shore_b
Swamp:1:  layout_basic_swamp, ebering_ghost_disaster_area,
          nicolae_swamp_very_dense_foliage, swamp_pool4, hangedman_swamp_diagram
Swamp:2:  layout_basic_swamp, serial_swamp_ruin, evilmike_swamp_ruin_house_2,
          evilmike_swamp_ruin_house_6
Swamp:3:  layout_falls_marsh, hangedman_swamp_ruin_hall, swamp_pool2,
          hangedman_swamp_lotus
Swamp:4:  swamp_fiery, layout_basic_swamp, swamp_pool4,
          nicolae_swamp_triple_paths
Snake:1:  layout_onion
Snake:2:  layout_rooms, basic_altar, abandoned_shop, uniq_aizul, uniq_vashnia
Snake:3:  layout_cave_town, gammafunk_ghost_arena, grunt_ministairs_5,
          drop_trap, st_stairs_8
Snake:4:  grunt_snake_rune_pools, layout_onion, statue_in_the_mist_lemuel,
          grunt_megastairs_2, uniq_donald
Orc:1:    layout_diamond_mine, enter_volcano_3, nicolae_orc_flooded_monolith,
          lightli_orcish_oven
Orc:2:    grunt_orc_cross, layout_caves, mines1_david
Elf:1:    elf_arrival_002, layout_loops_cross, serial_shops,
          nicolae_shop_crystal, minmay_elf_necromancy
Elf:2:    layout_geoelf_diagonals, ebering_ghost_xom, minivault_16,
          minivault_15, minmay_shop_grid_forest, uniq_louise
Vaults:1: hangedman_vaults_slither, nicolae_vaults_twisting_passages,
          nicolae_vaults_hallways_thing, v_misc_9, nicolae_vaults_asterisk,
          ontoclasm_vaults_eye, vaults_dpeg_ring, gammafunk_sealed_arena,
          nicolae_vaults_stairing_the_circle, nicolae_vaults_angled_halls,
          nicolae_vaults_alarming, ontoclasm_vaults_gateway,
          ontoclasm_vaults_twist, nicolae_vaults_shelves_hall,
          layout_vaults_big_cross
Vaults:2: nicolae_vaults_murderbox, v_alt_pattern_3,
          vaults_room_grunt_arrival_checkpoint, vaults_room_door_hall,
          vaults_room_semicircle, nicolae_vaults_little_squares_2,
          vaults_standard_mumra_x, vaults_mumra_lcd, nicolae_vaults_rhombus_5,
          layout_vaults_big_room
Vaults:3: minmay_crypt_entry_simple_corners, vaults_mumra_chevron_long,
          st_cross, ontoclasm_vaults_shuriken, ontoclasm_vaults_loading_screen,
          v_misc_3, nicolae_vaults_bisected_slash, grunt_vaults_hallway_long,
          vaults_room_corners, layout_vaults_quadrants
Vaults:4: hangedman_vaults_stitches, vaults_room_hallway,
          hangedman_vaults_stretched_pinwheel, v_pattern_1, v_misc_25,
          hangedman_vaults_slice, nicolae_vaults_big_ls,
          hangedman_vaults_variations, v_misc_2, grunt_tower_of_power,
          grunt_vaults_diagonal, vaults_dpeg_encased_lava,
          nicolae_vaults_little_squares_2, layout_vaults_maze_snakey,
          uniq_mennas, uniq_margery
Vaults:5
Crypt:1:  gammafunk_sealed_library, layout_gridlike, st_chilly_death,
          grunt_crypt_arrival_split, grunt_megastairs_4, uniq_jory
Crypt:2:  layout_misc_corridors, weyrava_lich_vault, uniq_khufu, uniq_mara,
          uniq_bai_suzhen
Crypt:3:  quadcrypt_mu
Depths:1: layout_cave_shapes, grunt_mini_vestibule,
          chequers_serial_rivers_micro_a, evilmike_butchery, minmay_shop_grove
Depths:2: nzn_winding_woodlands_small [nzn_winding_woodlands_5x15_lazy_stream,
          nzn_winding_woodlands_center_diamonds,
          nzn_winding_woodlands_5x15_longhouse], layout_cave_shapes,
          serial_bayou_pond_e, pf_hell_entry_great_geh
Depths:3: hangedman_cross_veins, layout_gridlike, enter_ziggurat_f,
          serial_bayou_pond_e, pan_entry, pf_coc_iceberg,
          infiniplex_staircase_pool_2
Depths:4: grunt_bent_corner, layout_cave_pools, abyss_entry_glasseish,
          hangedman_decor_push, hell_entry, minmay_staircase_windowed_small,
          uniq_enchantress
Depths:5: grunt_zot_entry_pinwheel, layout_cave_shapes, hell_entry,
          pandoras_box_mu
Zot:1:    layout_cathedral_of_symmetry, hangedman_elemental_grid_stream
Zot:2:    layout_concentric_octagons
Zot:3:    layout_onion, hangedman_zot_diagonal_lockstep, drop_trap
Zot:4:    layout_cathedral_of_symmetry, basic_altar
Zot:5:    layout_misc_corridors, grunt_ministairs_5

Skill      XL: |  1  2  3  4  5  6  7  8  9 10 11 12 13 14 15 16 17 18 19 20 21 22 23 24 25 26 27 |
---------------+----------------------------------------------------------------------------------+-----
Maces & Flails | 1 2 3 4 |  4.2
Axes           | 4 5 7 8 10 13 14 15 17 19 20 22 24 25 26 27 | 27.0
Fighting       | 6 8 10 11 12 14 15 17 18 19 20 21 22 23 25 26 27 | 27.0
Armour         | 5 8 9 10 11 13 15 16 17 18 20 21 22 23 24 25 27 | 27.0
Evocations     | 3 5 7 8 10 13 19 | 19.6
Dodging        | 5 11 14 15 17 18 20 21 22 23 25 27 | 27.0

Action                   |  1- 3 |  4- 6 |  7- 9 | 10-12 | 13-15 | 16-18 | 19-21 | 22-24 | 25-27 || total
-------------------------+-------+-------+-------+-------+-------+-------+-------+-------+-------++-------
Melee: Hand axe          |    54 |   230 |   438 |   117 |       |       |       |       |       ||   839
       Headbutt          |     7 |    37 |    90 |   142 |   160 |   265 |   359 |   422 |   326 ||  1808
       Unarmed           |       |       |     4 |       |       |       |       |       |       ||     4
       War axe           |       |       |       |   341 |       |       |       |       |       ||   341
       Battleaxe         |       |       |       |   127 |   119 |       |       |       |       ||   246
       Broad axe         |       |       |       |       |   718 |   959 |   819 |       |       ||  2496
       Executioner's axe |       |       |       |       |       |       |   402 |  1245 |   856 ||  2503
 Fire: Hunting sling     |     3 |       |       |       |       |       |       |       |       ||     3
Invok: Berserk           |       |     2 |     5 |     7 |     7 |     7 |     8 |     7 |     5 ||    48
       Trog's Hand       |       |       |     1 |     2 |     8 |    18 |    11 |     8 |     8 ||    56
       Brothers in Arms  |       |       |       |     4 |    10 |    14 |    11 |     7 |     8 ||    54
Evoke: Wand              |       |       |       |    10 |       |       |     2 |     1 |     6 ||    19
       Condenser vane    |       |       |       |     1 |       |       |     1 |     1 |     2 ||     5
       Box of beasts     |       |       |       |       |       |       |       |       |     1 ||     1
       Phial of floods   |       |       |       |       |       |       |       |       |     1 ||     1
  Use: Scroll            |       |       |    10 |    13 |    19 |    12 |    27 |     8 |    26 ||   115
       Potion            |       |       |       |     8 |     9 |    12 |     5 |     3 |     8 ||    45
 Stab: Distracted        |       |       |       |       |       |     1 |     4 |     1 |    19 ||    25
       Confused          |       |       |       |       |       |       |     2 |       |       ||     2
Armor: Animal skin       |     7 |     8 |       |       |       |       |       |       |       ||    15
       Chain mail        |       |   108 |    31 |       |       |       |       |       |       ||   139
       Scale mail        |       |       |   126 |   250 |   299 |       |       |       |       ||   675
       Plate armour      |       |       |       |       |    70 |   474 |   452 |       |       ||   996
       Gold dragon scale |       |       |       |       |       |       |   298 |   727 |   565 ||  1590
Dodge: Dodged            |    31 |    96 |   142 |   259 |   494 |   757 |  1169 |   874 |   755 ||  4577
Block: Buckler           |       |       |    28 |    52 |       |       |       |       |       ||    80
